 Dungeon Crawl Stone Soup version 0.28-a0-1518-gbe868bca14 (webtiles) character file.

Game seed: 1244141137309684268

44 enile the Skirmisher (level 3, 0/51 HPs)
             Began as a Demonspawn Wanderer on Jan 16, 2022.
             Was a High Priest of Ignis.
             Succumbed to an adder's poison
             ... on level 2 of the Dungeon.
             The game lasted 00:02:08 (1241 turns).

enile the Skirmisher (Demonspawn Wanderer)          Turns: 1241, Time: 00:02:09

Health: 0/51       AC: 21    Str: 15    XL:     3   Next: 39%
Magic:  3/3        EV:  2    Int:  9    God:    Ignis [*****.]
Gold:   68         SH:  0    Dex: 15    Spells: 2/2 levels left

rFire   + . .      SeeInvis .   a - +2 dagger
rCold   . . .      Faith    .   (no shield)
rNeg    . . .      Spirit   .   (armour currently unavailable)
rPois   +          Reflect  .   (helmet currently unavailable)
rElec   .          Harm     .   (cloak currently unavailable)
rCorr   .          Rampage  .   (gloves currently unavailable)
Will    .....      NoTele   +   (boots currently unavailable)
Stlth   ++........              (no amulet)
HPRegen 0.17/turn               (no ring)
MPRegen 0.08/turn               (no ring)

@: lethally poisoned (0 -> -2), tree-form
A: stationary, stasis, torment immunity, boosted hp, powered by pain 1, (cold
resistance 1), robust 2
a: Renounce Religion, Fiery Armour, Foxfire Swarm, Rising Flame


You were on level 2 of the Dungeon.
You worshipped Ignis.
Ignis was extremely pleased with you.
You were a tree.
You visited 1 branch of the dungeon, and saw 2 of its levels.

You collected 68 gold pieces.

Inventory:

Hand Weapons
 a - a +2 dagger (weapon)
 c - a +0 falchion
Missiles
 b - 2 curare-tipped darts (quivered)
Armour
 d - a +0 pair of boots (melded)
 e - a +0 leather armour (melded)
 l - an orb of guile
Scrolls
 h - a scroll of identify {unknown}
 i - a scroll of vulnerability {unknown}
 j - 3 scrolls of teleportation {unknown}
Potions
 f - 2 potions of lignification


   Skills:
 - Level 3.0 Fighting
 - Level 1.0 Long Blades
 - Level 3.0 Throwing
 + Level 0.2 Armour
 - Level 1.0 Dodging
 - Level 2.7 Stealth
 - Level 1.2 Invocations


You had 2 spell levels left.
You didn't know any spells.
Your spell library was empty.

Dungeon Overview and Level Annotations

Branches:
Dungeon (2/15)

Altars:
Ignis


Innate Abilities, Weirdness & Mutations

You are a tree.
Your roots penetrate the ground, keeping you stationary.
You cannot be teleported.
You are immune to unholy pain and torment.
Your maximum health is greatly increased.
Your equipment is partially melded.
You sometimes gain a little power by taking damage.
((Your flesh is cold resistant. (rC+)))
You are very robust. (+20% HP)


Message History

You feel sick. The adder bites you.
You are lethally poisoned!
The adder poisons you!
Throw: 3 darts (curare)
Press: ? - help, Q - select action Shift-Dir - straight line, f/p - adder
Aim: an adder (severely wounded, 42% to hit)
You throw a curare-tipped dart. The curare-tipped dart hits the adder.
The adder is poisoned.
The adder convulses.
You kill the adder!
* * * LOW HITPOINT WARNING * * *
You feel sick.
Training target 3.0 for Throwing reached!
Your Throwing skill increases to level 3!
You need to enable at least one skill for training.
* * * LOW HITPOINT WARNING * * *
You feel very sick.
* * * LOW HITPOINT WARNING * * *
You feel sick.
* * * LOW HITPOINT WARNING * * *
You feel sick.
* * * LOW HITPOINT WARNING * * *
You feel sick.
There is a lethal amount of poison in your body!
There is a lethal amount of poison in your body!
It was a potion of lignification.
You turn into a tree.
Your +0 pair of boots melds into your body.
Your +0 leather armour melds into your body.
Your roots penetrate the ground.
* * * LOW HITPOINT WARNING * * *
You feel sick.
It was a potion of mutation.
You feel extremely strange.
You feel resistant to cold.
You feel robust. x2
* * * LOW HITPOINT WARNING * * *
You feel sick.
There are no items here.
There is a lethal amount of poison in your body!
As you read the scroll labelled BUCLIE OPYEWK, it crumbles to dust.
You feel aware of your surroundings.
It was a scroll of magic mapping.
You die...

**********,**,>,,,,,..#
,,,,,,...#.##.#*****#.#
****###.##.##.#######.###
*,,,..#.##.##.#.........#
*,**#.#.##.##.#.........#########
,,,,#.#.##.##.#.................#
*,*,#.#.##.##.######..#########.#
#.#.#.#....##.######..#### #.#
.....†....((w...♣.......>######.#
....#.#.#####.#...##..#.###.....#
..,...#.# #.#...##..#.# #.#####
,...w.#.# #.#...##..#.# #.#
####..#.# #.#...##..#.# #.#
,,,.....# #.#...##..#.# #.#
*,.....##***#.#...##..#.###.##
,,.....,,,,,.................#
*,,,,*,,****#.#..............#


You could see a worm.

Vanquished Creatures
  An adder (D:2)
  3 dart slugs
  3 ball pythons
  3 endoplasms (D:1)
  A giant cockroach (D:1)
  A goblin (D:1)
  2 hobgoblins (D:1)
  7 kobolds
  5 bats (D:1)
  A rat (D:1)
27 creatures vanquished.

Notes
Turn   | Place    | Note
-------+----------+-------------------------------------------
     0 | D:1      | enile the Demonspawn Wanderer began the quest for the Orb.
     0 | D:1      | enile set off with the following items: a +2 dagger, 4
                  | curare-tipped darts, a +0 falchion, a +0 pair of boots, a
                  | +0 leather armour
     0 | D:1      | Reached XP level 1. HP: 15/15 MP: 1/1
    45 | D:1      | Found a faded altar of an unknown god.
    51 | D:1      | Prayed at the altar of an unknown god.
    51 | D:1      | Became a worshipper of Ignis, the Dying Flame
   371 | D:1      | Gained mutation: You sometimes gain a little power by
                  | taking damage. [demonic ancestry]
   371 | D:1      | Reached XP level 2. HP: 21/22 MP: 2/2
   960 | D:1      | Reached XP level 3. HP: 24/28 MP: 3/3
  1238 | D:2      | HP: 1/29 [poisoned by an adder]
  1240 | D:2      | Gained mutation: Your flesh is cold resistant. (rC+)
                  | [potion of mutation]
  1240 | D:2      | Gained mutation: You are robust. (+10% HP) [potion of
                  | mutation]
  1240 | D:2      | Gained mutation: You are very robust. (+20% HP) [potion of
                  | mutation]
  1241 | D:2      | Succumbed to an adder's poison

Illustrated notes

Levels and vault maps discovered:
D:1:      wheals_arrival_shading, layout_basic, basic_ecumenical_altar
D:2:      layout_basic, uniq_robin

Skill      XL: |  1  2  3 |
---------------+----------+-----
Fighting       | 2 3 |  3.0
Throwing       | 3 |  3.0
Long Blades    | |  1.0
Armour         | |  0.2
Dodging        | |  1.0
Stealth        | |  2.7
Invocations    | |  1.2

Action                   || total
-------------------------++-------
Melee: Dagger            ||    90
       Punch             ||     1
Throw: Dart              ||     2
  Use: Potion            ||     2
       Scroll            ||     1
 Stab: Sleeping          ||     5
Armor: Leather armour    ||    38
Dodge: Dodged            ||    58

Table legend: (Time is in decaauts)
 A = Elapsed time spent in this place.
 B = Non-inter-level travel time spent in this place.
 C = Inter-level travel time spent in this place.
 D = Time resting spent in this place.
 E = Time spent auto-exploring this place.
 F = Levels seen in this place.
 G = Mean time per level.
                   A        B        C        D        E       F      G
               +--------+--------+--------+--------+--------+-----+--------+
         Total |   1238 |   1206 |     32 |      0 |    986 |   2 |  619.0 |
       Dungeon |   1238 |   1206 |     32 |      0 |    986 |   2 |  619.0 |
               +--------+--------+--------+--------+--------+-----+--------+

Top non-repeatable levels by time:
     D:1: 1100 daAuts
     D:2: 138 daAuts
